[Event "FICS rated blitz game"]
[Site "FICS freechess.org"]
[FICSGamesDBGameNo "20001877"]
[White "cincinnato"]
[Black "MoonieHacker"]
[WhiteElo "1245"]
[BlackElo "1311"]
[WhiteRD "na"]
[BlackRD "na"]
[TimeControl "120+12"]
[Date "1999.09.18"]
[Time "08:01:00"]
[WhiteClock "0:02:00.000"]
[BlackClock "0:02:00.000"]
[ECO "E92"]
[PlyCount "80"]
[Result "0-1"]

1. d4 Nf6 2. c4 g6 3. Nf3 Bg7 4. Nc3 O-O 5. e4 d6 6. Be2 e5 7. d5 a5 8. O-O Na6 9. Be3 Bd7 10. Nd2 b6 11. a4 Nc5 12. Bg5 Qc8 13. Qc1 Ng4 14. h3 Bf6 15. Bh6 Nxh6 16. Bd1 Bg5 17. Qc2 Qd8 18. Nf3 Bf4 19. Ne2 Qf6 20. Nxf4 Qxf4 21. Qd2 Nxe4 22. Qxf4 exf4 23. Re1 Nf6 24. Bc2 Nf5 25. Re2 Rfe8 26. Rae1 Rxe2 27. Rxe2 Re8 28. Rxe8+ Nxe8 29. b3 Ne7 30. Ng5 c6 31. dxc6 Nxc6 32. Ne4 Nb4 33. Bd1 Bf5 34. Nc3 Nf6 35. Nb5 d5 36. cxd5 Nfxd5 37. Nd6 Bb1 38. Bf3 Bc2 39. Bxd5 Nxd5 40. Nc4 Bxb3 {White resigns} 0-1

[Event "FICS rated blitz game"]
[Site "FICS freechess.org"]
[FICSGamesDBGameNo "20001876"]
[White "Rocker"]
[Black "KarlXII"]
[WhiteElo "2078"]
[BlackElo "2041"]
[WhiteRD "na"]
[BlackRD "na"]
[TimeControl "180+0"]
[Date "1999.09.18"]
[Time "07:49:00"]
[WhiteClock "0:03:00.000"]
[BlackClock "0:03:00.000"]
[ECO "A37"]
[PlyCount "122"]
[Result "0-1"]

1. c4 c5 2. g3 Nc6 3. Bg2 e5 4. Nc3 g6 5. Nf3 Bg7 6. O-O d6 7. d3 Nge7 8. a3 a5 9. Rb1 O-O 10. Bg5 f6 11. Be3 Be6 12. Ne1 b6 13. Nc2 d5 14. cxd5 Nxd5 15. Bd2 Nd4 16. Nxd5 Bxd5 17. b4 Bxg2 18. Kxg2 Qd5+ 19. Kg1 Nxc2 20. Qxc2 cxb4 21. axb4 a4 22. Qc4 Qxc4 23. dxc4 Rfc8 24. Rfc1 a3 25. Ra1 f5 26. Ra2 e4 27. Rcc2 Ra4 28. Kf1 Bb2 29. Ke1 Kf7 30. Kd1 Ke6 31. Bc1 Rxb4 32. Bxb2 axb2 33. Raxb2 Rcxc4 34. Rxc4 Rxb2 35. Rc7 h5 36. Rc6+ Kf7 37. h4 b5 38. Rc7+ Kf6 39. Rc6+ Kg7 40. Ke1 b4 41. Kf1 Rb1+ 42. Kg2 b3 43. e3 Kf7 44. Rb6 Ke7 45. Rb7+ Kd6 46. Rb6+ Kc5 47. Rb8 Kc4 48. f3 exf3+ 49. Kxf3 Kc3 50. Kf4 Rg1 51. Rc8+ Kd2 52. Rb8 Kc2 53. Rc8+ Kb1 54. Rc6 b2 55. Rxg6 Kc2 56. Rc6+ Kd3 57. Rb6 b1=Q 58. Rxb1 Rxb1 59. Kxf5 Kxe3 60. Kg5 Rb5+ 61. Kg6 Kf3 {White resigns} 0-1

[Event "FICS rated blitz game"]
[Site "FICS freechess.org"]
[FICSGamesDBGameNo "20001875"]
[White "Tsangh"]
[Black "LordByron"]
[WhiteElo "1667"]
[BlackElo "1426"]
[WhiteRD "na"]
[BlackRD "na"]
[TimeControl "300+0"]
[Date "1999.09.18"]
[Time "03:18:00"]
[WhiteClock "0:05:00.000"]
[BlackClock "0:05:00.000"]
[ECO "A51"]
[PlyCount "43"]
[Result "1-0"]

1. d4 Nf6 2. c4 e5 3. dxe5 Ne4 4. Nc3 Bb4 5. Qd4 Nxc3 6. bxc3 Nc6 7. Qe3 Be7 8. g3 h6 9. Bg2 Bg5 10. f4 Be7 11. Nf3 b6 12. O-O Bb7 13. Nd4 Nxd4 14. cxd4 Bxg2 15. Kxg2 c5 16. d5 d6 17. Bb2 dxe5 18. fxe5 O-O 19. Qc3 Rc8 20. Rad1 Qc7 21. d6 Bxd6 22. exd6 {Black resigns} 1-0

[Event "FICS rated blitz game"]
[Site "FICS freechess.org"]
[FICSGamesDBGameNo "20001874"]
[White "Murali"]
[Black "Stratego"]
[WhiteElo "1655"]
[BlackElo "1722"]
[WhiteRD "na"]
[BlackRD "na"]
[TimeControl "300+0"]
[Date "1999.09.17"]
[Time "23:05:00"]
[WhiteClock "0:05:00.000"]
[BlackClock "0:05:00.000"]
[ECO "B16"]
[PlyCount "123"]
[Result "1-0"]

1. e4 c6 2. Nc3 d5 3. Nf3 dxe4 4. Nxe4 Nf6 5. Nxf6+ gxf6 6. d4 Bf5 7. Nh4 Bg6 8. Nxg6 hxg6 9. Bc4 e6 10. Be3 Bd6 11. Qf3 Nd7 12. O-O Qc7 13. h3 O-O-O 14. Bd3 Rh4 15. c4 Rdh8 16. c5 Bh2+ 17. Kh1 Bf4 18. b4 g5 19. Bxf4 Rxf4 20. Qg3 g4 21. b5 gxh3 22. gxh3 Rfh4 23. Qxc7+ Kxc7 24. bxc6 Rxh3+ 25. Kg2 Rh2+ 26. Kf3 R8h3+ 27. Ke2 bxc6 28. Rab1 e5 29. dxe5 Nxe5 30. Bf5 Ra3 31. Rb2 Nc4 32. Rc2 Rh4 33. Rd1 Ne5 34. Rb2 Rf4 35. Bb1 Ng4 36. Rf1 Ra5 37. Rc2 Nh2 38. Rh1 Ng4 39. Rf1 Ne5 40. Rfc1 f5 41. Rd2 Ng4 42. Kf1 Nh2+ 43. Kg2 Nf3 44. Rd3 Ne5 45. Rh3 Raa4 46. Rh5 Rg4+ 47. Kf1 Nf3 48. Rc3 Nd2+ 49. Ke2 Nxb1 50. Rf3 Rxa2+ 51. Kd3 Ra3+ 52. Kc2 Rxf3 53. Kxb1 Rb4+ 54. Kc1 Rxf2 55. Rh7 Rc4+ 56. Kd1 Rxc5 57. Rxf7+ Kb6 58. Rf8 Rcc2 59. Re8 Kc5 60. Re5+ Kc4 61. Ra5 Kb3 62. Rxa7 {Black forfeits on time} 1-0

[Event "FICS rated blitz game"]
[Site "FICS freechess.org"]
[FICSGamesDBGameNo "20001873"]
[White "Leolin"]
[Black "Pandolfi"]
[WhiteElo "1627"]
[BlackElo "1514"]
[WhiteRD "na"]
[BlackRD "na"]
[TimeControl "120+12"]
[Date "1999.09.17"]
[Time "22:30:00"]
[WhiteClock "0:02:00.000"]
[BlackClock "0:02:00.000"]
[ECO "C69"]
[PlyCount "114"]
[Result "1/2-1/2"]

1. e4 e5 2. Nf3 Nc6 3. Bb5 a6 4. Bxc6 dxc6 5. O-O f6 6. d4 exd4 7. Qxd4 Qxd4 8. Nxd4 c5 9. Ne2 Bd7 10. Bf4 Bd6 11. Nbc3 Ne7 12. Rad1 Bxf4 13. Nxf4 O-O-O 14. Rd2 Bc6 15. Rfd1 Rxd2 16. Rxd2 Rd8 17. Rxd8+ Kxd8 18. Ne6+ Kd7 19. Nxg7 b5 20. f3 b4 21. Ne2 a5 22. Kf2 a4 23. b3 axb3 24. axb3 Bb5 25. Nf4 c4 26. bxc4 Bxc4 27. Ke3 c5 28. Ngh5 f5 29. e5 Ke8 30. Nf6+ Kf7 31. Nd3 Bxd3 32. Kxd3 Ng6 33. Nxh7 Nxe5+ 34. Ke3 c4 35. Kd4 Ke6 36. Ng5+ Kf6 37. h4 Ke7 38. f4 Ng4 39. Kxc4 Ne3+ 40. Kxb4 Nxg2 41. h5 Nxf4 42. h6 Ng6 43. Kc4 Kf6 44. Nh7+ Ke5 45. Kd3 Kf4 46. c4 Kg3 47. Nf6 Kh4 48. h7 Kg5 49. Ng8 Ne5+ 50. Ke2 Nf7 51. c5 Kg6 52. Ne7+ Kxh7 53. Nxf5 Kg6 54. Nd4 Kf6 55. Ke3 Ke5 56. c6 Kd6 57. Ke4 Nd8 {Game drawn by mutual agreement} 1/2-1/2

[Event "FICS rated blitz game"]
[Site "FICS freechess.org"]
[FICSGamesDBGameNo "20001871"]
[White "electrondx"]
[Black "JohnSun"]
[WhiteElo "1252"]
[BlackElo "1707"]
[WhiteRD "na"]
[BlackRD "na"]
[TimeControl "300+0"]
[Date "1999.09.17"]
[Time "21:30:00"]
[WhiteClock "0:05:00.000"]
[BlackClock "0:05:00.000"]
[ECO "B20"]
[PlyCount "44"]
[Result "0-1"]

1. e4 c5 2. c4 d6 3. d3 Nf6 4. Bd2 g6 5. Nc3 Bg7 6. a4 O-O 7. Be2 Nc6 8. h4 Nd4 9. Nf3 Nxe2 10. Qxe2 Bg4 11. Qf1 Qb6 12. Bc1 Nd7 13. a5 Qb4 14. b3 Bxc3+ 15. Bd2 Bxd2+ 16. Nxd2 Ne5 17. f3 Bd7 18. a6 bxa6 19. Rxa6 Qc3 20. Kf2 Qxd2+ 21. Kg3 Nxd3 22. h5 Qf4# {White checkmated} 0-1

[Event "FICS rated blitz game"]
[Site "FICS freechess.org"]
[FICSGamesDBGameNo "20001870"]
[White "UPRISING"]
[Black "Whatarook"]
[WhiteElo "1485"]
[BlackElo "875"]
[WhiteRD "na"]
[BlackRD "na"]
[TimeControl "120+12"]
[Date "1999.09.17"]
[Time "21:24:00"]
[WhiteClock "0:02:00.000"]
[BlackClock "0:02:00.000"]
[ECO "C30"]
[PlyCount "39"]
[Result "1-0"]

1. e4 e5 2. f4 Nc6 3. Nf3 Nf6 4. Nc3 d6 5. Bc4 Bg4 6. O-O Be7 7. Qe1 Qd7 8. fxe5 dxe5 9. d3 O-O-O 10. Be3 b6 11. Bb5 Bb4 12. Nxe5 Qe6 13. Nxc6 Bxc3 14. Qxc3 Nxe4 15. dxe4 Qxe4 16. Nxa7+ Kb8 17. Nc6+ Kc8 18. Qa3 Rd2 19. Bxd2 Be2 20. Qa8+ {Black forfeits on time} 1-0

[Event "FICS rated blitz game"]
[Site "FICS freechess.org"]
[FICSGamesDBGameNo "20001868"]
[White "gainsbourg"]
[Black "KSKmaster"]
[WhiteElo "1628"]
[BlackElo "1469"]
[WhiteRD "na"]
[BlackRD "na"]
[TimeControl "180+0"]
[Date "1999.09.17"]
[Time "18:12:00"]
[WhiteClock "0:03:00.000"]
[BlackClock "0:03:00.000"]
[ECO "D00"]
[PlyCount "65"]
[Result "1-0"]

1. d4 d5 2. Nc3 Nf6 3. f3 c5 4. e4 cxd4 5. Qxd4 Nc6 6. Bb5 e5 7. Bxc6+ bxc6 8. Qxe5+ Be7 9. exd5 cxd5 10. Nb5 O-O 11. Bd2 Re8 12. O-O-O Ba6 13. Nc3 Bd6 14. Qg5 Rb8 15. h4 d4 16. Ne4 Nxe4 17. fxe4 Qb6 18. b3 Rxe4 19. Nf3 Rbe8 20. h5 Ba3+ 21. Kb1 h6 22. Qg3 Be2 23. Rde1 Bxf3 24. gxf3 R4e5 25. Reg1 Rg5 26. Bxg5 hxg5 27. Qxg5 Bf8 28. h6 g6 29. h7+ Kh8 30. f4 Bg7 31. f5 Re5 32. Qg2 Rxf5 33. Qa8+ {Black resigns} 1-0

[Event "FICS rated blitz game"]
[Site "FICS freechess.org"]
[FICSGamesDBGameNo "20001867"]
[White "acacia"]
[Black "nescio"]
[WhiteElo "1769"]
[BlackElo "2019"]
[WhiteRD "na"]
[BlackRD "na"]
[TimeControl "180+0"]
[Date "1999.09.17"]
[Time "18:01:00"]
[WhiteClock "0:03:00.000"]
[BlackClock "0:03:00.000"]
[ECO "B30"]
[PlyCount "100"]
[Result "0-1"]

1. e4 c5 2. d3 Nc6 3. Nf3 g6 4. Be2 Bg7 5. O-O e5 6. c3 Nge7 7. Be3 d6 8. Nbd2 O-O 9. Re1 f5 10. exf5 gxf5 11. Bg5 h6 12. Bh4 Be6 13. Nf1 Qe8 14. Qd2 Ng6 15. Bd1 Kh8 16. Bb3 Bxb3 17. axb3 Qf7 18. Qc2 Nxh4 19. Nxh4 Qf6 20. Nf3 Ne7 21. N3d2 Ng6 22. Nc4 Rg8 23. Re2 Bf8 24. Rae1 Nf4 25. g3 Nxe2+ 26. Qxe2 Rc8 27. Qh5 Rc7 28. Nfe3 Rf7 29. Nd5 Qg7 30. Nce3 Qg6 31. Qh3 f4 32. Nc4 Qxd3 33. Nxd6 Qxd5 34. Nxf7+ Qxf7 35. Rxe5 Bg7 36. Rxc5 fxg3 37. hxg3 Rf8 38. Qg2 Qg6 39. Rc7 Qc2 40. Rxb7 Qxb2 41. Rxa7 Qxc3 42. Ra8 Kh7 43. Qe4+ Kh8 44. Rxf8+ Bxf8 45. Qf4 Bg7 46. Kg2 Qxb3 47. Qe4 Qf7 48. Qa8+ Kh7 49. Qe4+ Kh8 50. Qa8+ Bf8 {White forfeits on time} 0-1

[Event "FICS rated blitz game"]
[Site "FICS freechess.org"]
[FICSGamesDBGameNo "20001866"]
[White "cksung"]
[Black "Alyoshapavlovich"]
[WhiteElo "1307"]
[BlackElo "1416"]
[WhiteRD "na"]
[BlackRD "na"]
[TimeControl "180+5"]
[Date "1999.09.17"]
[Time "17:04:00"]
[WhiteClock "0:03:00.000"]
[BlackClock "0:03:00.000"]
[ECO "C77"]
[PlyCount "87"]
[Result "1-0"]

1. e4 e5 2. Nf3 Nc6 3. Bb5 a6 4. Ba4 Nf6 5. d3 b5 6. Bb3 Be7 7. Nc3 d6 8. h3 O-O 9. O-O Bb7 10. Be3 Na5 11. Re1 Nxb3 12. axb3 Re8 13. Nd2 c5 14. f4 exf4 15. Bxf4 Nd7 16. Nf3 d5 17. exd5 Nf6 18. d6 Bxd6 19. Rxe8+ Nxe8 20. Bxd6 Qxd6 21. Ne4 Bxe4 22. dxe4 Rd8 23. Qxd6 Rxd6 24. e5 Re6 25. Rd1 Kf8 26. Rd5 c4 27. bxc4 bxc4 28. Rc5 Rb6 29. Rxc4 Rxb2 30. Nd4 Rb6 31. Nb3 g6 32. Nc5 Nc7 33. Nd7+ Ke7 34. Nxb6 Nb5 35. Nd5+ Ke6 36. Nc7+ Nxc7 37. Rxc7 Kxe5 38. Rxf7 h5 39. Ra7 Kd4 40. Rxa6 Kc3 41. Rc6+ Kd4 42. Rxg6 Ke5 43. Rg5+ Kd4 44. Rxh5 {Black resigns} 1-0

[Event "FICS rated blitz game"]
[Site "FICS freechess.org"]
[FICSGamesDBGameNo "20001865"]
[White "Turkishmaster"]
[Black "schakeri"]
[WhiteElo "1592"]
[BlackElo "1785"]
[WhiteRD "na"]
[BlackRD "na"]
[TimeControl "180+0"]
[Date "1999.09.17"]
[Time "16:28:00"]
[WhiteClock "0:03:00.000"]
[BlackClock "0:03:00.000"]
[ECO "C17"]
[PlyCount "67"]
[Result "1-0"]

1. e4 e6 2. d4 d5 3. Nc3 Bb4 4. e5 c5 5. a3 cxd4 6. axb4 dxc3 7. bxc3 Qc7 8. Qd4 Nc6 9. Bb5 Ne7 10. Ne2 Bd7 11. Bxc6 Nxc6 12. Qg4 Qxe5 13. Bf4 Qf6 14. Bg5 Qg6 15. Qf4 e5 16. Qd2 h6 17. Be3 O-O 18. Bc5 Rfd8 19. O-O Bh3 20. Ng3 Be6 21. Rfe1 b5 22. Qd3 Qxd3 23. cxd3 a5 24. Kf1 axb4 25. cxb4 f5 26. h3 e4 27. dxe4 dxe4 28. Ne2 Bc4 29. Kg1 Bxe2 30. Rxa8 Rxa8 31. Rxe2 Ra1+ 32. Kh2 g5 33. Kg3 Kf7 34. f3 {Black forfeits on time} 1-0

[Event "FICS rated blitz game"]
[Site "FICS freechess.org"]
[FICSGamesDBGameNo "20001864"]
[White "AlexBRASIL"]
[Black "ViniVidiVici"]
[WhiteElo "1667"]
[BlackElo "1786"]
[WhiteRD "na"]
[BlackRD "na"]
[TimeControl "240+0"]
[Date "1999.09.17"]
[Time "13:59:00"]
[WhiteClock "0:04:00.000"]
[BlackClock "0:04:00.000"]
[ECO "A00"]
[PlyCount "101"]
[Result "1-0"]

1. e3 d5 2. b3 e5 3. Bb2 Bd6 4. f4 Nc6 5. Bb5 Nf6 6. Bxc6+ bxc6 7. fxe5 Bxe5 8. Bxe5 Qe7 9. Nf3 Bg4 10. Bxf6 Qxf6 11. Nc3 O-O 12. O-O Qd6 13. Qe1 c5 14. Qg3 Qxg3 15. hxg3 Bxf3 16. gxf3 d4 17. exd4 cxd4 18. Nb5 c5 19. c3 a6 20. Nd6 d3 21. Ne4 f5 22. Nxc5 Rfe8 23. Rfe1 Kf7 24. Re3 Rxe3 25. dxe3 Rd8 26. Kf2 Rd5 27. Nxa6 g5 28. Rd1 h5 29. Nb4 Ra5 30. Rxd3 h4 31. gxh4 gxh4 32. Rd4 h3 33. Rh4 Rc5 34. c4 Rc8 35. Rxh3 Rd8 36. Nd5 Ra8 37. Nc3 Rd8 38. Ke2 Rg8 39. Rh2 Kf6 40. Kd3 Rd8+ 41. Nd5+ Ke5 42. Rh6 f4 43. exf4+ Kf5 44. a4 Rb8 45. Kc3 Re8 46. a5 Re1 47. a6 Ra1 48. b4 Rc1+ 49. Kd4 Rd1+ 50. Kc5 Ra1 51. Rf6# {Black checkmated} 1-0

[Event "FICS rated lightning game"]
[Site "FICS freechess.org"]
[FICSGamesDBGameNo "20001863"]
[White "betpe"]
[Black "zoooms"]
[WhiteElo "1698"]
[BlackElo "1771"]
[WhiteRD "na"]
[BlackRD "na"]
[TimeControl "120+0"]
[Date "1999.09.17"]
[Time "13:58:00"]
[WhiteClock "0:02:00.000"]
[BlackClock "0:02:00.000"]
[ECO "C62"]
[PlyCount "87"]
[Result "1-0"]

1. e4 e5 2. Nf3 Nc6 3. Bb5 d6 4. d4 exd4 5. Nxd4 Bd7 6. Nxc6 Bxc6 7. Bxc6+ bxc6 8. c4 Nf6 9. Nc3 Be7 10. O-O O-O 11. Bg5 h6 12. Bh4 Nh7 13. Bxe7 Qxe7 14. Qd3 f6 15. Rae1 Ng5 16. f4 Ne6 17. Kh1 Nc5 18. Qg3 Rae8 19. h3 Qf7 20. b4 Ne6 21. c5 dxc5 22. f5 Nd4 23. bxc5 Qc4 24. Rc1 Qxc5 25. Qxc7 a5 26. Na4 Qb4 27. Nc3 Rc8 28. Qg3 Rfe8 29. Rb1 Qc4 30. Rfc1 Ne2 31. Nxe2 Qxe2 32. Qc3 Rxe4 33. Rb6 Qf2 34. Rxc6 Rce8 35. Qb3+ Kh8 36. Rg1 Re2 37. Rcc1 R2e3 38. Qb5 Qg3 39. Qf1 Re2 40. Rc6 Kh7 41. Rc5 R8e3 42. Qf3 Qxf3 43. gxf3 Rxf3 44. Rg3 {Black forfeits on time} 1-0

[Event "FICS rated blitz game"]
[Site "FICS freechess.org"]
[FICSGamesDBGameNo "20001862"]
[White "LouisXVI"]
[Black "Sizeboli"]
[WhiteElo "1609"]
[BlackElo "1760"]
[WhiteRD "na"]
[BlackRD "na"]
[TimeControl "180+0"]
[Date "1999.09.17"]
[Time "13:11:00"]
[WhiteClock "0:03:00.000"]
[BlackClock "0:03:00.000"]
[ECO "A51"]
[PlyCount "78"]
[Result "0-1"]

1. d4 Nf6 2. c4 e5 3. dxe5 Ne4 4. Nf3 Bc5 5. e3 O-O 6. Bd3 f5 7. exf6 Nxf6 8. O-O Kh8 9. Nc3 c6 10. b3 d5 11. cxd5 cxd5 12. Bb2 Nc6 13. Rc1 Bb4 14. a3 Be7 15. b4 Bg4 16. Be2 Rc8 17. Nd4 Bxe2 18. Ndxe2 a6 19. Nd4 Ne5 20. Nf5 Nc4 21. Ba1 Nxa3 22. Nxe7 Qxe7 23. Nxd5 Rxc1 24. Nxe7 Rxd1 25. Rxd1 Nc2 26. Bxf6 gxf6 27. Nd5 Rd8 28. Rc1 Rxd5 29. g3 Nxb4 30. Rc8+ Kg7 31. Rc7+ Kg6 32. Rxb7 Rb5 33. Rc7 a5 34. Rc4 a4 35. h4 a3 36. Rc1 a2 37. Ra1 Rc5 38. Kg2 Rc2 39. Kf3 Rb2 {White resigns} 0-1

[Event "FICS rated blitz game"]
[Site "FICS freechess.org"]
[FICSGamesDBGameNo "20001861"]
[White "tanyaK"]
[Black "Gery"]
[WhiteElo "1939"]
[BlackElo "2054"]
[WhiteRD "na"]
[BlackRD "na"]
[TimeControl "180+1"]
[Date "1999.09.17"]
[Time "11:36:00"]
[WhiteClock "0:03:00.000"]
[BlackClock "0:03:00.000"]
[ECO "A20"]
[PlyCount "70"]
[Result "0-1"]

1. c4 e5 2. Nf3 e4 3. Nd4 Nc6 4. Nxc6 dxc6 5. Nc3 Nf6 6. g3 Bf5 7. Bg2 Bb4 8. Qb3 Qe7 9. O-O O-O-O 10. a3 Bd6 11. Qa4 Kb8 12. b4 Be5 13. Qb3 h5 14. b5 c5 15. d3 exd3 16. exd3 Rxd3 17. Bb2 Ne4 18. Bxe4 Bxe4 19. Rae1 f5 20. Re3 Rxe3 21. fxe3 Bxc3 22. Qxc3 Qg5 23. Rf4 Rg8 24. Qe5 Qd8 25. Rxe4 fxe4 26. Qxh5 Qd2 27. Bxg7 Qxe3+ 28. Kg2 Qf3+ 29. Qxf3 exf3+ 30. Kxf3 Rxg7 31. h4 a6 32. Kf4 axb5 33. cxb5 c4 34. Ke3 Rxg3+ 35. Kd4 Rxa3 {White resigns} 0-1

[Event "FICS rated blitz game"]
[Site "FICS freechess.org"]
[FICSGamesDBGameNo "20001860"]
[White "VrtA"]
[Black "DrBastard"]
[WhiteElo "1599"]
[BlackElo "1695"]
[WhiteRD "na"]
[BlackRD "na"]
[TimeControl "180+0"]
[Date "1999.09.17"]
[Time "11:29:00"]
[WhiteClock "0:03:00.000"]
[BlackClock "0:03:00.000"]
[ECO "C01"]
[PlyCount "76"]
[Result "0-1"]

1. e4 e6 2. d4 d5 3. exd5 exd5 4. c4 Nf6 5. Bg5 Be7 6. Nc3 Nc6 7. Bxf6 Bxf6 8. cxd5 Nxd4 9. Be2 O-O 10. Nf3 Nxe2 11. Nxe2 Bg4 12. Nf4 Bxb2 13. Rb1 Bc3+ 14. Kf1 Re8 15. Qd3 Qf6 16. g3 g5 17. Ne2 Bxf3 18. Nxc3 Bxh1 19. Rxb7 Qe5 20. Rb1 Rab8 21. Rd1 Rbd8 22. Qd2 Bf3 23. Re1 Qxe1+ 24. Qxe1 Rxe1+ 25. Kxe1 Bxd5 26. Nxd5 Rxd5 27. Ke2 f5 28. f4 gxf4 29. gxf4 Kf7 30. Ke3 Ke6 31. h4 c5 32. a4 c4 33. Kf3 c3 34. Kg3 c2 35. h5 Kf6 36. a5 c1=Q 37. h6 Rd3+ 38. Kh4 Qh1# {White checkmated} 0-1

[Event "FICS rated blitz game"]
[Site "FICS freechess.org"]
[FICSGamesDBGameNo "20001859"]
[White "Manu"]
[Black "Lummox"]
[WhiteElo "1827"]
[BlackElo "1765"]
[WhiteRD "na"]
[BlackRD "na"]
[TimeControl "180+0"]
[Date "1999.09.17"]
[Time "08:16:00"]
[WhiteClock "0:03:00.000"]
[BlackClock "0:03:00.000"]
[ECO "A70"]
[PlyCount "61"]
[Result "1-0"]

1. d4 e6 2. c4 Nf6 3. Nc3 c5 4. d5 exd5 5. cxd5 d6 6. e4 a6 7. a4 g6 8. Nf3 Bg4 9. Bd3 Bg7 10. O-O O-O 11. h3 Bxf3 12. Qxf3 Nfd7 13. Bf4 Ne5 14. Qe3 Nbd7 15. Rad1 Qc7 16. Bh6 Nxd3 17. Rxd3 Ne5 18. Rd2 c4 19. Bxg7 Kxg7 20. f4 Nd3 21. b3 Nb4 22. Qd4+ Kg8 23. Qxc4 Qxc4 24. bxc4 Rac8 25. Rd4 Rc5 26. e5 Rfc8 27. exd6 Rd8 28. Ne4 Nc2 29. Nxc5 Nxd4 30. Nxb7 Rd7 31. c5 {Black resigns} 1-0

[Event "FICS rated lightning game"]
[Site "FICS freechess.org"]
[FICSGamesDBGameNo "20001858"]
[White "OrangOetan"]
[Black "Rippy"]
[WhiteElo "1554"]
[BlackElo "1845"]
[WhiteRD "na"]
[BlackRD "na"]
[TimeControl "120+0"]
[Date "1999.09.17"]
[Time "03:55:00"]
[WhiteClock "0:02:00.000"]
[BlackClock "0:02:00.000"]
[ECO "A00"]
[PlyCount "67"]
[Result "1-0"]

1. b4 g6 2. Bb2 Nf6 3. c4 Bg7 4. Nc3 d6 5. e3 O-O 6. Nf3 e5 7. Be2 Nc6 8. b5 Ne7 9. O-O Nh5 10. Nh4 Nf6 11. a4 d5 12. cxd5 Nfxd5 13. Nxd5 Nxd5 14. Rc1 Qxh4 15. g3 Qf6 16. Re1 Bh3 17. Bf1 Bxf1 18. Rxf1 h5 19. f4 Qe6 20. Qc2 exf4 21. exf4 Rae8 22. Rce1 Qb6+ 23. Kg2 Rxe1 24. Rxe1 Bxb2 25. Qxb2 Qd6 26. Qb1 Nf6 27. f5 Qd5+ 28. Kg1 Ne4 29. Rxe4 Qc5+ 30. d4 Qb4 31. Qxb4 Rd8 32. Qe7 Rxd4 33. Rxd4 Kh7 34. Qxf7+ {Black forfeits on time} 1-0

[Event "FICS rated blitz game"]
[Site "FICS freechess.org"]
[FICSGamesDBGameNo "20001857"]
[White "Coquelicot"]
[Black "roboton"]
[WhiteElo "1735"]
[BlackElo "1530"]
[WhiteRD "na"]
[BlackRD "na"]
[TimeControl "180+0"]
[Date "1999.09.17"]
[Time "03:34:00"]
[WhiteClock "0:03:00.000"]
[BlackClock "0:03:00.000"]
[ECO "B01"]
[PlyCount "126"]
[Result "0-1"]

1. e4 d5 2. exd5 Qxd5 3. Nc3 Qa5 4. Nf3 Bg4 5. Be2 Nf6 6. O-O e6 7. d4 Be7 8. Bf4 c6 9. Re1 O-O 10. Ne5 Bxe2 11. Qxe2 Nbd7 12. Ne4 Nxe4 13. Qxe4 Nf6 14. Qe2 Rad8 15. c3 Nd5 16. Bd2 Qc7 17. Qh5 g6 18. Qh6 Rfe8 19. Nxf7 Bf8 20. Qh4 Qxf7 21. c4 Be7 22. Qh6 Bf8 23. Qh4 Nf6 24. Bg5 Be7 25. Rad1 Nd7 26. Re3 Bxg5 27. Qxg5 Qf5 28. Qh6 Qf8 29. Qh4 Qg7 30. Rf3 Rf8 31. Rdd3 Rxf3 32. Rxf3 Rf8 33. Re3 Nf6 34. Rxe6 Nh5 35. Re7 Qf6 36. Qxf6 Nxf6 37. Rxb7 Rf7 38. Rb8+ Kg7 39. f3 Nh5 40. Kf2 Nf4 41. Rd8 Nd3+ 42. Ke3 Nxb2 43. d5 Nxc4+ 44. Kd4 cxd5 45. Rxd5 Nb6 46. Rd8 Rd7+ 47. Rxd7+ Nxd7 48. Kd5 Nb6+ 49. Kc6 Na4 50. Kb7 a5 51. Ka6 Nc3 52. a3 a4 53. Ka5 Kf6 54. Kb4 Ne2 55. Kxa4 Ke6 56. Kb5 Kd6 57. Kc4 Kc7 58. Kd3 Nf4+ 59. Ke4 Nxg2 60. Ke5 Nh4 61. f4 Nf3+ 62. Kf6 Nh4 63. Kg7 Nf5+ {White forfeits on time} 0-1

[Event "FICS rated blitz game"]
[Site "FICS freechess.org"]
[FICSGamesDBGameNo "20001856"]
[White "DrReversi"]
[Black "Culpius"]
[WhiteElo "1405"]
[BlackElo "1449"]
[WhiteRD "na"]
[BlackRD "na"]
[TimeControl "300+0"]
[Date "1999.09.17"]
[Time "03:33:00"]
[WhiteClock "0:05:00.000"]
[BlackClock "0:05:00.000"]
[ECO "D46"]
[PlyCount "58"]
[Result "0-1"]

1. d4 d5 2. c4 e6 3. Nc3 Nf6 4. Nf3 Nbd7 5. e3 c6 6. Bd3 Qa5 7. Bd2 Qb6 8. c5 Qc7 9. O-O b6 10. b4 bxc5 11. bxc5 e5 12. e4 exd4 13. Nxd4 Nxc5 14. Bc2 Ncxe4 15. Nxe4 dxe4 16. Bxe4 Nxe4 17. Re1 Be7 18. Rxe4 O-O 19. Qc2 Bf6 20. Qxc6 Qxc6 21. Nxc6 Bxa1 22. Ne7+ Kh8 23. Rc4 Be6 24. Rc1 Rfd8 25. Ba5 Bb2 26. Bxd8 Bxc1 27. Ba5 Bxa2 28. g3 Re8 29. Nf5 Re5 {White resigns} 0-1

[Event "FICS rated blitz game"]
[Site "FICS freechess.org"]
[FICSGamesDBGameNo "20001855"]
[White "qgd"]
[Black "KingHead"]
[WhiteElo "1633"]
[BlackElo "1401"]
[WhiteRD "na"]
[BlackRD "na"]
[TimeControl "180+10"]
[Date "1999.09.16"]
[Time "23:55:00"]
[WhiteClock "0:03:00.000"]
[BlackClock "0:03:00.000"]
[ECO "D06"]
[PlyCount "53"]
[Result "1-0"]

1. d4 d5 2. c4 Nf6 3. cxd5 Nxd5 4. g3 b6 5. Bg2 Bb7 6. e4 Nf6 7. Nc3 e6 8. Nge2 Bb4 9. O-O O-O 10. h3 Nc6 11. Be3 Na5 12. b3 Qe7 13. Rc1 Rfd8 14. Qc2 Nc6 15. Rfd1 Rd7 16. e5 Nd5 17. Nxd5 exd5 18. Nf4 Qe6 19. Nxe6 fxe6 20. Qe2 Ba3 21. Rc3 Rf8 22. Qg4 Bb2 23. Rc2 Ba3 24. Qxe6+ Rff7 25. Rxc6 Bxc6 26. Qxc6 Rd8 27. Bxd5 {Black resigns} 1-0

[Event "FICS rated blitz game"]
[Site "FICS freechess.org"]
[FICSGamesDBGameNo "20001851"]
[White "Pallid"]
[Black "richhughes"]
[WhiteElo "1476"]
[BlackElo "836"]
[WhiteRD "na"]
[BlackRD "na"]
[TimeControl "300+0"]
[Date "1999.09.16"]
[Time "20:10:00"]
[WhiteClock "0:05:00.000"]
[BlackClock "0:05:00.000"]
[ECO "B01"]
[PlyCount "49"]
[Result "1-0"]

1. e4 d5 2. exd5 Qxd5 3. Nc3 Qe5+ 4. Be2 Bg4 5. f3 Bh5 6. d4 Qe6 7. Bf4 Nc6 8. Qd2 Nf6 9. d5 Qf5 10. dxc6 bxc6 11. O-O-O e6 12. g4 Bxg4 13. fxg4 Qc5 14. Be3 Qd6 15. Qxd6 cxd6 16. Nf3 Be7 17. h4 Nxg4 18. Bg1 O-O 19. Ng5 Ne5 20. Bd4 Nd7 21. Rdg1 Rab8 22. Nxe6 fxe6 23. Rxg7+ Kh8 24. Rxe7+ Kg8 25. Rg1# {Black checkmated} 1-0

[Event "FICS rated blitz game"]
[Site "FICS freechess.org"]
[FICSGamesDBGameNo "20001850"]
[White "Apotheosis"]
[Black "edlemp"]
[WhiteElo "1917"]
[BlackElo "1844"]
[WhiteRD "na"]
[BlackRD "na"]
[TimeControl "300+0"]
[Date "1999.09.16"]
[Time "19:29:00"]
[WhiteClock "0:05:00.000"]
[BlackClock "0:05:00.000"]
[ECO "B12"]
[PlyCount "47"]
[Result "1-0"]

1. e4 c6 2. d4 d5 3. e5 Bf5 4. Nc3 e6 5. g4 Bg6 6. Nge2 c5 7. Be3 Nc6 8. h4 h5 9. Nf4 cxd4 10. Bxd4 Be4 11. f3 Bxf3 12. Qxf3 Nxd4 13. Qd3 Nc6 14. Nxh5 g6 15. Nf6+ Nxf6 16. exf6 Qxf6 17. g5 Qe5+ 18. Be2 Qxg5 19. hxg5 Rxh1+ 20. Bf1 Bb4 21. O-O-O O-O-O 22. a3 Bd6 23. Qf3 Ne5 24. Qxh1 {Black resigns} 1-0